| TOP OF THE 1ST |
|
Tulsa Drillers batting - Pitching for Reading Fightin Phils : RHP Lida Sestak
|
|
Pitching: RHP Lida Sestak
|
|
|
Batting: RHB Marcos Villalobos
|
0-0: Called Strike 0-1: Fly out, F9 (Flyball, 89M, EV 74.4 MPH)
|
|
Batting: SHB Nate Kopchak
|
0-0: Ball 1-0: Ball 2-0: Foul Ball, location: 2F 2-1: Fly out, F8 (Flyball, 8LXD, EV 88.8 MPH)
|
|
Batting: LHB Kevin Wiebe
|
0-0: Called Strike 0-1: Ball 1-1: Swinging Strike 1-2: Strikes out swinging
|
| Top of the 1st over - 0 runs, 0 hits, 0 errors, 0 left on base; Tulsa 0 - Reading 0 |
| BOTTOM OF THE 1ST |
|
Reading Fightin Phils batting - Pitching for Tulsa Drillers : LHP Jonathan Daniels
|
|
Pitching: LHP Jonathan Daniels
|
|
|
Batting: RHB Tony Perez
|
0-0: Bunt missed! 0-1: Ball 1-1: Ball 2-1: Ball 3-1: Base on Balls
|
|
Batting: RHB Chris Myers
|
0-0: Swinging Strike 0-1: Called Strike 0-2: Ball 1-2: Fly out, F7 (Flyball, 78S, EV 72.5 MPH)
|
|
Batting: RHB Alan Weller
|
0-0: Called Strike Tony Perez steals 2nd base 0-1: Ball 1-1: Ball Tony Perez is caught stealing 3rd base 2-5 2-1: Ball 3-1: Fly out, F8 (Flyball, 8LD, EV 98.8 MPH)
|
| Bottom of the 1st over - 0 runs, 0 hits, 0 errors, 0 left on base; Tulsa 0 - Reading 0 |
| TOP OF THE 2ND |
|
Tulsa Drillers batting - Pitching for Reading Fightin Phils : RHP Lida Sestak
|
|
Batting: SHB Justin Toth
|
0-0: Foul Ball, location: 2F 0-1: Called Strike 0-2: Ball 1-2: Ground out U3 (Groundball, 3L, EV 91.2 MPH)
|
|
Batting: RHB Jonathan Kirsch
|
0-0: Ball 1-0: Foul Ball, location: 2F 1-1: Ball 2-1: Foul Ball, location: 2F 2-2: DOUBLE (Flyball, 9LD, EV 101.9 MPH)
|
|
Batting: RHB Aaron Burress
|
0-0: Ball 1-0: Swinging Strike 1-1: Ball 2-1: Ball 3-1: Base on Balls
|
|
Batting: RHB Tony Rivera
|
0-0: Ball 1-0: Swinging Strike 1-1: Ball 2-1: Foul Ball, location: 2F 2-2: Foul Ball, location: 2F 2-2: Fly out, F9 (Line Drive, 89M, EV 90.0 MPH)
|
|
Batting: LHB Chris Barrera
|
0-0: Ball 1-0: Called Strike 1-1: Ball 2-1: Ball 3-1: SINGLE (Flyball, 78S, EV 95.0 MPH) Jonathan Kirsch to third Aaron Burress to second Runner from 3rd tries for Home, SAFE, throw by LF to home
|
|
Batting: RHB Kyle Garrett
|
0-0: Foul Ball, location: 2F 0-1: Foul Ball, location: 2F 0-2: Fly out, F9 (Flyball, 9S, EV 82.5 MPH)
|
| Top of the 2nd over - 1 run, 2 hits, 0 errors, 2 left on base; Tulsa 1 - Reading 0 |
| BOTTOM OF THE 2ND |
|
Reading Fightin Phils batting - Pitching for Tulsa Drillers : LHP Jonathan Daniels
|
|
Batting: RHB Guan-pei Gao
|
0-0: Ball 1-0: Called Strike 1-1: Ball 2-1: Ball 3-1: SINGLE (Flyball, 89S, EV 91.9 MPH)
|
|
Batting: RHB Pablo Lopez
|
0-0: Called Strike 0-1: Ball 1-1: Ball 2-1: Grounds into double play, 6-4-3 (Groundball, 56, EV 81.2 MPH)
|
|
Batting: LHB Danny Zuniga
|
0-0: Swinging Strike 0-1: Ball 1-1: Foul Ball, location: 2F 1-2: Ball 2-2: Strikes out swinging
|
| Bottom of the 2nd over - 0 runs, 1 hit, 0 errors, 0 left on base; Tulsa 1 - Reading 0 |
| TOP OF THE 3RD |
|
Tulsa Drillers batting - Pitching for Reading Fightin Phils : RHP Lida Sestak
|
|
Batting: RHB Marcos Villalobos
|
0-0: Called Strike 0-1: Ball 1-1: Foul Ball, location: 2F 1-2: Fly out, F9 (Flyball, 9LSF, EV 89.4 MPH)
|
|
Batting: SHB Nate Kopchak
|
0-0: Ball 1-0: Ball 2-0: Called Strike 2-1: Ball 3-1: Called Strike 3-2: Fly out, F7 (Flyball, 7, EV 86.2 MPH)
|
|
Batting: LHB Kevin Wiebe
|
0-0: Ball 1-0: Called Strike 1-1: Swinging Strike 1-2: Fly out, F8 (Flyball, 8LM, EV 91.9 MPH)
|
| Top of the 3rd over - 0 runs, 0 hits, 0 errors, 0 left on base; Tulsa 1 - Reading 0 |
| BOTTOM OF THE 3RD |
|
Reading Fightin Phils batting - Pitching for Tulsa Drillers : LHP Jonathan Daniels
|
|
Batting: LHB Doug Frampton
|
0-0: Foul Ball, location: 2F 0-1: Called Strike 0-2: Strikes out looking
|
|
Batting: RHB Danny Habermehl
|
0-0: Foul Ball, location: 2F 0-1: Swinging Strike 0-2: Ball 1-2: Strikes out swinging
|
|
Batting: RHB Prabhukumar Santhanakrishnan
|
0-0: Ball 1-0: Called Strike 1-1: Swinging Strike 1-2: Strikes out swinging
|
| Bottom of the 3rd over - 0 runs, 0 hits, 0 errors, 0 left on base; Tulsa 1 - Reading 0 |
| TOP OF THE 4TH |
|
Tulsa Drillers batting - Pitching for Reading Fightin Phils : RHP Lida Sestak
|
|
Batting: SHB Justin Toth
|
0-0: Ball 1-0: Called Strike 1-1: Swinging Strike 1-2: Ball 2-2: Strikes out swinging
|
|
Batting: RHB Jonathan Kirsch
|
0-0: Ground out 4-3 (Groundball, 4, EV 90.0 MPH)
|
|
Batting: RHB Aaron Burress
|
0-0: Fly out, F8 (Line Drive, 8RD, EV 91.2 MPH)
|
| Top of the 4th over - 0 runs, 0 hits, 0 errors, 0 left on base; Tulsa 1 - Reading 0 |
| BOTTOM OF THE 4TH |
|
Reading Fightin Phils batting - Pitching for Tulsa Drillers : LHP Jonathan Daniels
|
|
Batting: RHB Tony Perez
|
0-0: Ball 1-0: Ball 2-0: SOLO HOME RUN (Flyball, 7D, EV 91.9 MPH), Distance : 355 ft
|
|
Batting: RHB Chris Myers
|
0-0: Ball 1-0: Ground out 5-3 (Groundball, 56, EV 85.6 MPH)
|
|
Batting: RHB Alan Weller
|
0-0: Ball 1-0: SINGLE (Groundball, 4D, EV 108.8 MPH)
|
|
Batting: RHB Guan-pei Gao
|
0-0: Ball 1-0: SINGLE (Groundball, P, EV 90.0 MPH) (infield hit) Alan Weller to second
|
|
Batting: RHB Pablo Lopez
|
0-0: Ball 1-0: Ball 2-0: Called Strike 2-1: Foul Ball, location: 2F 2-2: Strikes out looking
|
|
Batting: LHB Danny Zuniga
|
0-0: Ball 1-0: Ground out 4-3 (Groundball, 4, EV 91.9 MPH)
|
| Bottom of the 4th over - 1 run, 3 hits, 0 errors, 2 left on base; Tulsa 1 - Reading 1 |
| TOP OF THE 5TH |
|
Tulsa Drillers batting - Pitching for Reading Fightin Phils : RHP Lida Sestak
|
|
Batting: RHB Tony Rivera
|
0-0: Swinging Strike 0-1: Swinging Strike 0-2: Ball 1-2: Ball 2-2: Fly out, F8 (Flyball, 8RXD, EV 81.2 MPH)
|
|
Batting: LHB Chris Barrera
|
0-0: Ball 1-0: Ball 2-0: Ball 3-0: Base on Balls
|
|
Batting: RHB Kyle Garrett
|
0-0: Ball 1-0: Ball 2-0: Ball 3-0: Base on Balls Chris Barrera to second
|
|
Batting: RHB Marcos Villalobos
|
0-0: Grounds into double play, 4-6-3 (Groundball, 4, EV 86.9 MPH)
|
| Top of the 5th over - 0 runs, 0 hits, 0 errors, 1 left on base; Tulsa 1 - Reading 1 |
| BOTTOM OF THE 5TH |
|
Reading Fightin Phils batting - Pitching for Tulsa Drillers : LHP Jonathan Daniels
|
|
Batting: LHB Doug Frampton
|
0-0: Foul Ball, location: 2F 0-1: Foul Ball, location: 2F 0-2: Strikes out swinging
|
|
Batting: RHB Danny Habermehl
|
0-0: Called Strike 0-1: Ground out 6-3 (Groundball, 6, EV 82.5 MPH)
|
|
Batting: RHB Prabhukumar Santhanakrishnan
|
0-0: Fly out, F9 (Flyball, 9LS, EV 92.5 MPH)
|
| Bottom of the 5th over - 0 runs, 0 hits, 0 errors, 0 left on base; Tulsa 1 - Reading 1 |
| TOP OF THE 6TH |
|
Tulsa Drillers batting - Pitching for Reading Fightin Phils : RHP Lida Sestak
|
|
Batting: SHB Nate Kopchak
|
0-0: Ball 1-0: Ball 2-0: Ball 3-0: Foul Ball, location: 2F 3-1: Base on Balls
|
|
Batting: LHB Kevin Wiebe
|
0-0: Called Strike 0-1: Called Strike 0-2: Strikes out looking
|
|
Batting: SHB Justin Toth
|
0-0: Ball 1-0: Ball 2-0: Foul Ball, location: 2F 2-1: SINGLE (Line Drive, 6MD, EV 98.8 MPH) Nate Kopchak to second
|
|
Batting: RHB Jonathan Kirsch
|
0-0: Ball 1-0: Foul Ball, location: 2F 1-1: Called Strike 1-2: Fly out, F8 (Line Drive, 8RD, EV 86.9 MPH)
|
|
Batting: RHB Aaron Burress
|
0-0: Foul Ball, location: 2F 0-1: Called Strike 0-2: Ball 1-2: Fielders Choice at 2nd, 6-4 (Groundball, 6, EV 86.2 MPH)
|
| Top of the 6th over - 0 runs, 1 hit, 0 errors, 2 left on base; Tulsa 1 - Reading 1 |
| BOTTOM OF THE 6TH |
|
Reading Fightin Phils batting - Pitching for Tulsa Drillers : LHP Jonathan Daniels
|
|
Batting: RHB Tony Perez
|
0-0: Called Strike 0-1: Swinging Strike 0-2: Strikes out swinging
|
|
Batting: RHB Chris Myers
|
0-0: Ball 1-0: Fly out, F8 (Flyball, 8RM, EV 88.1 MPH)
|
|
Batting: RHB Alan Weller
|
0-0: Called Strike 0-1: Ground out 6-3 (Groundball, 6, EV 86.9 MPH)
|
| Bottom of the 6th over - 0 runs, 0 hits, 0 errors, 0 left on base; Tulsa 1 - Reading 1 |
| TOP OF THE 7TH |
|
Tulsa Drillers batting - Pitching for Reading Fightin Phils : RHP Lida Sestak
|
|
Pitching: RHP John Hughes
|
|
|
Batting: RHB Tony Rivera
|
0-0: Fly out, F7 (Line Drive, 78M, EV 95.0 MPH)
|
|
Batting: LHB Chris Barrera
|
0-0: Ball 1-0: Ball 2-0: Ball 3-0: Called Strike 3-1: DOUBLE (Line Drive, 78M, EV 104.4 MPH)
|
|
Batting: RHB Kyle Garrett
|
0-0: Fly out, F8 (Flyball, 8LM, EV 90.6 MPH)
|
|
Batting: RHB Marcos Villalobos
|
0-0: Ball 1-0: Foul Ball, location: 2F 1-1: SINGLE (Flyball, 56D, EV 96.9 MPH) Chris Barrera to third Runner from 3rd tries for Home, throw by LF and OUT! 7-2
|
| Top of the 7th over - 0 runs, 2 hits, 0 errors, 1 left on base; Tulsa 1 - Reading 1 |
| BOTTOM OF THE 7TH |
|
Reading Fightin Phils batting - Pitching for Tulsa Drillers : LHP Jonathan Daniels
|
|
Batting: RHB Guan-pei Gao
|
0-0: Ball 1-0: Ball 2-0: Called Strike 2-1: Foul Ball, location: 2F 2-2: Strikes out swinging
|
|
Batting: RHB Pablo Lopez
|
0-0: Ball 1-0: SINGLE (Groundball, 13, EV 90.6 MPH) (infield hit)
|
|
Batting: LHB Danny Zuniga
|
0-0: Ball 1-0: Foul Ball, location: 2F 1-1: Called Strike 1-2: Fly out, F8 (Flyball, 8LXD, EV 94.4 MPH)
|
|
Batting: LHB Doug Frampton
|
0-0: Called Strike Pablo Lopez steals 2nd base 0-1: Fly out, F9 (Flyball, 89S, EV 93.8 MPH)
|
| Bottom of the 7th over - 0 runs, 1 hit, 0 errors, 1 left on base; Tulsa 1 - Reading 1 |
| TOP OF THE 8TH |
|
Tulsa Drillers batting - Pitching for Reading Fightin Phils : RHP John Hughes
|
|
Pitching: LHP Eddie San Miguel
|
|
|
Batting: SHB Nate Kopchak
|
0-0: Called Strike 0-1: Fly out, F2 (Popup, 2RF, EV 98.1 MPH)
|
|
Batting: RHB Robby Cuellar
|
0-0: Ball 1-0: Ball 2-0: Ground out 4-3 (Groundball, 4, EV 101.2 MPH)
|
|
Batting: SHB Justin Toth
|
0-0: Ball 1-0: Foul Ball, location: 2F 1-1: Called Strike 1-2: Strikes out swinging
|
| Top of the 8th over - 0 runs, 0 hits, 0 errors, 0 left on base; Tulsa 1 - Reading 1 |
| BOTTOM OF THE 8TH |
|
Reading Fightin Phils batting - Pitching for Tulsa Drillers : LHP Jonathan Daniels
|
|
Pitching: RHP Josh Weiser
|
|
|
Batting: RHB Danny Habermehl
|
0-0: Foul Ball, location: 2F 0-1: Swinging Strike 0-2: Ball 1-2: Ball 2-2: Ball 3-2: Strikes out looking
|
|
Batting: RHB Prabhukumar Santhanakrishnan
|
0-0: Fly out, F7 (Flyball, 7S, EV 90.6 MPH)
|
|
Batting: RHB Tony Perez
|
0-0: Called Strike 0-1: Ball 1-1: Swinging Strike 1-2: Ball 2-2: Strikes out swinging
|
| Bottom of the 8th over - 0 runs, 0 hits, 0 errors, 0 left on base; Tulsa 1 - Reading 1 |
| TOP OF THE 9TH |
|
Tulsa Drillers batting - Pitching for Reading Fightin Phils : LHP Eddie San Miguel
|
|
Batting: RHB Jonathan Kirsch
|
0-0: Ball 1-0: Foul Ball, location: 2F 1-1: Fly out, F9 (Flyball, 89S, EV 93.8 MPH)
|
|
DELAY
|
Rain delay of 7 minutes in the 9th inning.
|
|
Batting: RHB Aaron Burress
|
0-0: Ball 1-0: Foul Ball, location: 2F 1-1: Swinging Strike 1-2: Strikes out swinging
|
|
Batting: RHB Tony Rivera
|
0-0: Ball 1-0: Foul Ball, location: 2F 1-1: Foul Ball, location: 2F 1-2: Foul Ball, location: 2F 1-2: Strikes out swinging
|
| Top of the 9th over - 0 runs, 0 hits, 0 errors, 0 left on base; Tulsa 1 - Reading 1 |
| BOTTOM OF THE 9TH |
|
Reading Fightin Phils batting - Pitching for Tulsa Drillers : RHP Josh Weiser
|
|
Pitching: RHP Etsuji Kawasaki
|
|
|
Batting: RHB Chris Myers
|
0-0: Ball 1-0: Foul Ball, location: 2F 1-1: Called Strike 1-2: Ground out 5-3 (Groundball, 56S, EV 70.0 MPH)
|
|
Batting: RHB Alan Weller
|
0-0: DOUBLE (Groundball, 3L, EV 106.9 MPH)
|
|
Batting: RHB Guan-pei Gao
|
0-0: Intentional Walk
|
|
Batting: RHB Pablo Lopez
|
0-0: Ball 1-0: Ball 2-0: Fielders Choice at 2nd, 3-6 (Groundball, 3, EV 87.5 MPH) Alan Weller to third
|
|
Batting: LHB Danny Zuniga
|
0-0: Called Strike 0-1: Foul Ball, location: 2F 0-2: Ball 1-2: Strikes out swinging
|
| Bottom of the 9th over - 0 runs, 1 hit, 0 errors, 2 left on base; Tulsa 1 - Reading 1 |
| TOP OF THE 10TH |
|
Tulsa Drillers batting - Pitching for Reading Fightin Phils : LHP Eddie San Miguel
|
|
Pitching: RHP Jeremy Mitchem
|
|
|
Batting: LHB Chris Barrera
|
0-0: SINGLE (Line Drive, 8RS, EV 103.1 MPH)
|
|
Batting: RHB Kyle Garrett
|
0-0: Foul Ball, location: 2F 0-1: Ball 1-1: Foul Ball, location: 2F 1-2: Grounds into double play, 6-4-3 (Groundball, 6, EV 84.4 MPH)
|
|
Batting: RHB Marcos Villalobos
|
0-0: Ball 1-0: Called Strike 1-1: Called Strike 1-2: Strikes out looking
|
| Top of the 10th over - 0 runs, 1 hit, 0 errors, 0 left on base; Tulsa 1 - Reading 1 |
| BOTTOM OF THE 10TH |
|
Reading Fightin Phils batting - Pitching for Tulsa Drillers : RHP Etsuji Kawasaki
|
|
Batting: LHB Doug Frampton
|
0-0: Ball 1-0: Foul Ball, location: 2F 1-1: Ground out 4-3 (Groundball, 4, EV 87.5 MPH)
|
|
Batting: RHB Danny Habermehl
|
0-0: Swinging Strike 0-1: Ball 1-1: Called Strike 1-2: Ball 2-2: Ground out U3 (Groundball, 3, EV 100.0 MPH)
|
|
Batting: RHB Prabhukumar Santhanakrishnan
|
0-0: Ball 1-0: Called Strike 1-1: Ground out 6-3 (Groundball, 6, EV 91.2 MPH)
|
| Bottom of the 10th over - 0 runs, 0 hits, 0 errors, 0 left on base; Tulsa 1 - Reading 1 |
| TOP OF THE 11TH |
|
Tulsa Drillers batting - Pitching for Reading Fightin Phils : RHP Jeremy Mitchem
|
|
Batting: SHB Nate Kopchak
|
0-0: Called Strike 0-1: Ball 1-1: Called Strike 1-2: Ball 2-2: Ball 3-2: Foul Ball, location: 2F 3-2: Reached on error, E5 (Groundball, 5, EV 97.5 MPH)
|
|
Batting: RHB Robby Cuellar
|
0-0: Grounds into double play, 6-4-3 (Groundball, 6, EV 104.4 MPH)
|
|
Batting: SHB Justin Toth
|
0-0: Called Strike 0-1: Foul Ball, location: 2F 0-2: Foul Ball, location: 2F 0-2: DOUBLE (Flyball, 8LXD, EV 103.1 MPH)
|
|
Batting: RHB Jonathan Kirsch
|
0-0: Ball 1-0: Foul Ball, location: 2F 1-1: Ball 2-1: Fly out, F9 (Line Drive, 9, EV 96.2 MPH)
|
| Top of the 11th over - 0 runs, 1 hit, 1 error, 1 left on base; Tulsa 1 - Reading 1 |
| BOTTOM OF THE 11TH |
|
Reading Fightin Phils batting - Pitching for Tulsa Drillers : RHP Etsuji Kawasaki
|
|
Pitching: RHP Jordan Arredondo
|
|
|
Batting: RHB Tony Perez
|
0-0: Called Strike 0-1: Foul Ball, location: 2F 0-2: Ball 1-2: Ground out 6-3 (Groundball, 6D, EV 91.9 MPH)
|
|
Batting: RHB Chris Myers
|
0-0: Ball 1-0: Ground out 4-3 (Groundball, 4M, EV 85.6 MPH)
|
|
Batting: RHB Alan Weller
|
0-0: Called Strike 0-1: Ball 1-1: Ball 2-1: DOUBLE (Flyball, 8RXD, EV 106.2 MPH)
|
|
Batting: RHB Guan-pei Gao
|
0-0: Intentional Walk
|
|
Batting: RHB Pablo Lopez
|
0-0: Called Strike 0-1: Ball 1-1: Foul Ball, location: 2F 1-2: Ball 2-2: Foul Ball, location: 2F 2-2: Strikes out swinging
|
| Bottom of the 11th over - 0 runs, 1 hit, 0 errors, 2 left on base; Tulsa 1 - Reading 1 |
| TOP OF THE 12TH |
|
Tulsa Drillers batting - Pitching for Reading Fightin Phils : RHP Jeremy Mitchem
|
|
Batting: RHB Aaron Burress
|
0-0: Ball 1-0: Called Strike 1-1: Ball 2-1: Ground out 6-3 (Groundball, 6, EV 85.0 MPH)
|
|
Batting: RHB Tony Rivera
|
0-0: Ball 1-0: Ground out 5-3 (Groundball, 56, EV 80.6 MPH)
|
|
Batting: LHB Chris Barrera
|
0-0: Foul Ball, location: 2F 0-1: Swinging Strike 0-2: Strikes out looking
|
| Top of the 12th over - 0 runs, 0 hits, 0 errors, 0 left on base; Tulsa 1 - Reading 1 |
| BOTTOM OF THE 12TH |
|
Reading Fightin Phils batting - Pitching for Tulsa Drillers : RHP Jordan Arredondo
|
|
Batting: LHB Danny Zuniga
|
0-0: Foul Ball, location: 2F 0-1: Ball 1-1: Ball 2-1: Ball 3-1: Ground out 6-3 (Groundball, 4MD, EV 101.2 MPH)
|
|
Batting: LHB Doug Frampton
|
0-0: Called Strike 0-1: Swinging Strike 0-2: Ball 1-2: Strikes out looking
|
|
Batting: RHB Danny Habermehl
|
0-0: Foul Ball, location: 2F 0-1: Swinging Strike 0-2: Ball 1-2: SINGLE (Line Drive, 6MD, EV 101.9 MPH)
|
|
Batting: RHB Prabhukumar Santhanakrishnan
|
0-0: Foul Ball, location: 2F 0-1: Foul Ball, location: 2F 0-2: Foul Ball, location: 2F 0-2: Strikes out swinging
|
| Bottom of the 12th over - 0 runs, 1 hit, 0 errors, 1 left on base; Tulsa 1 - Reading 1 |
| TOP OF THE 13TH |
|
Tulsa Drillers batting - Pitching for Reading Fightin Phils : RHP Jeremy Mitchem
|
|
Pitching: RHP T.J. Gray
|
|
|
Batting: RHB Kyle Garrett
|
0-0: Ball 1-0: SOLO HOME RUN (Flyball, 7LD, EV 93.1 MPH), Distance : 331 ft
|
|
Batting: RHB Marcos Villalobos
|
0-0: Ball 1-0: Swinging Strike 1-1: SINGLE (Line Drive, 5D, EV 97.5 MPH)
|
|
Batting: SHB Nate Kopchak
|
0-0: Bunted foul 0-1: Bunt missed! 0-2: Foul Ball, location: 2F 0-2: Strikes out swinging
|
|
Batting: RHB Robby Cuellar
|
0-0: Ball Marcos Villalobos steals 2nd base 1-0: Ball 2-0: Ground out 6-3 (Groundball, 6, EV 87.5 MPH) Marcos Villalobos to third
|
|
Batting: SHB Justin Toth
|
0-0: Foul Ball, location: 2F 0-1: Ball 1-1: Ball 2-1: SINGLE (Groundball, 4M, EV 90.0 MPH) (infield hit) Marcos Villalobos scores
|
|
Batting: RHB Jonathan Kirsch
|
0-0: Called Strike 0-1: Ball 1-1: Swinging Strike 1-2: Ball 2-2: Ball 3-2: Foul Ball, location: 2F 3-2: Base on Balls Justin Toth to second
|
|
Pitching: RHP Ron Knowles
|
|
|
Batting: RHB Aaron Burress
|
0-0: Called Strike 0-1: Ball 1-1: Ball 2-1: Ball 3-1: Called Strike 3-2: Ground out 5-3 (Groundball, 56S, EV 81.9 MPH)
|
| Top of the 13th over - 2 runs, 3 hits, 0 errors, 2 left on base; Tulsa 3 - Reading 1 |
| BOTTOM OF THE 13TH |
|
Reading Fightin Phils batting - Pitching for Tulsa Drillers : RHP Jordan Arredondo
|
|
Batting: RHB Tony Perez
|
0-0: Ball 1-0: Swinging Strike 1-1: Ball 2-1: Foul Ball, location: 2F 2-2: Strikes out looking
|
|
Batting: RHB Chris Myers
|
0-0: Fly out, F9 (Flyball, 9LSF, EV 79.4 MPH)
|
|
Batting: RHB Alan Weller
|
0-0: Ball 1-0: Ball 2-0: Called Strike 2-1: Ground out 5-3 (Groundball, 5S, EV 83.1 MPH)
|
| Bottom of the 13th over - 0 runs, 0 hits, 0 errors, 0 left on base; Tulsa 3 - Reading 1 |
|